 Dungeon Crawl Stone Soup version 0.29.0-13-gc9e81de378 (webtiles) character file.

Game seed: 9860215909315489715

611 Artool the Cudgeller (level 7, -12/55 HPs)
             Began as a Demonspawn Gladiator on Sept 8, 2022.
             Was an Initiate of Hepliaklqana.
             Mangled by an ogre
             ... wielding a +0 giant club
              (21 damage)
             ... on level 4 of the Dungeon.
             The game lasted 00:11:34 (4683 turns).

Artool the Cudgeller (Demonspawn Gladiator)         Turns: 4683, Time: 00:11:35

Health: -12/55     AC:  8    Str: 16    XL:     7   Next: 20%
Magic:  7/7        EV: 12    Int: 10    God:    Hepliaklqana [......]
Gold:   243        SH:  0    Dex: 14    Spells: 6/6 levels left

rFire   . . .      SeeInvis +   g - +0 whip
rCold   . . .      Faith    .   (no shield)
rNeg    . . .      Spirit   .   A - +2 ring mail {rPois}
rPois   +          Reflect  .   (helmet restricted)
rElec   .          Harm     .   (no cloak)
rCorr   .          Rampage  .   (no gloves)
Will    .....                   f - +0 pair of boots
Stlth   +.........              B - amulet of regeneration
HPRegen 0.98/turn               y - ring of see invisible
MPRegen 0.10/turn               (no ring)

@: mighty
A: antennae 1, powered by pain 1, demonic touch 2
a: Renounce Religion


You were on level 4 of the Dungeon.
You worshipped Hepliaklqana.
Hepliaklqana was noncommittal.
You visited 2 branches of the dungeon, and saw 6 of its levels.

You collected 243 gold pieces.

Inventory:

Hand Weapons
 g - a +0 whip (weapon)
Missiles
 b - 7 poisoned darts
 d - 4 throwing nets
 e - 6 javelins
 m - 5 boomerangs (quivered)
Armour
 c - a +0 helmet
 f - a +0 pair of boots (worn)
 t - a +0 ring mail
 A - a +2 ring mail of poison resistance (worn)
Jewellery
 a - an amulet of magic regeneration
 y - a ring of see invisible (left hand)
 B - an amulet of regeneration (around neck)
 F - an amulet of guardian spirit
Scrolls
 h - 5 scrolls of identify {unknown}
 j - 2 scrolls of teleportation {unknown}
 l - a scroll of poison {unknown}
 q - a scroll of summoning {unknown}
 r - 2 scrolls of noise {unknown}
 s - 3 scrolls of magic mapping {unknown}
 u - a scroll of fear {unknown}
 v - a scroll of torment {unknown}
 w - 2 scrolls of blinking {unknown}
 C - a scroll of amnesia {unknown}
Potions
 i - 3 potions of attraction {unknown}
 k - 3 potions of curing {unknown}
 n - a potion of flight {unknown}
 o - 4 potions of haste {unknown}
 p - a potion of magic {unknown}
 x - a potion of lignification {unknown}
 z - a potion of cancellation {unknown}
 D - a potion of heal wounds {unknown}
 E - a potion of berserk rage {unknown}


   Skills:
 + Level 4.8 Fighting
 + Level 4.9 Maces & Flails
 - Level 1.7 Throwing
 + Level 4.9 Dodging


You had 6 spell levels left.
You didn't know any spells.
Your spell library contained the following spells:

 Spells                   Type           Power      Damage    Failure   Level
 Ensorcelled Hibernation  Hex/Ice        0%         N/A       73%         2
 Passwall                 Tmut/Erth      0%         N/A       73%         2
 Sublimation of Blood     Necr           0%         N/A       73%         2
 Spider Form              Tmut/Pois      0%         N/A       91%         3
 Swiftness                Air            0%         N/A       91%         3
 Tukima's Dance           Hex            0%         N/A       91%         3
 Anguish                  Hex/Necr       0%         N/A       100%        4
 Passage of Golubria      Tloc           0%         N/A       100%        4
 Petrify                  Tmut/Erth      0%         N/A       100%        4
 Irradiate                Conj/Tmut      0%         3d11      100%        5
 Summon Forest            Summ/Tloc      0%         N/A       100%        5
 Summon Mana Viper        Hex/Summ       0%         N/A       100%        5
 Yara's Violent Unravell  Hex/Tmut       0%         3d3       100%        5
 Summon Cactus Giant      Summ           0%         N/A       100%        6


Dungeon Overview and Level Annotations

Branches:
Dungeon (5/15)             Temple (1/1) D:4

Altars:
Ashenzari
Fedhas
Gozag
Hepliaklqana
Kikubaaqudgha
Makhleb
Nemelex Xobeh
Okawaru
Qazlal
Trog
Uskayaw
Vehumet
Wu Jian
Xom
Yredelemnul

Shops:
D:4 [   D:5 =*?

Annotations:
D:5 Menkaure


Innate Abilities, Weirdness & Mutations

You have a pair of small antennae on your head.
You sometimes gain a little power by taking damage.
Your touch may inflict irresistible damage on your foes.


Message History

An iguana comes into view.
The iguana hisses angrily.
An ogre comes into view. It is wielding a +0 giant spiked club.
You barely miss the ogre.
The ogre shouts!
The ogre hits you with a +0 giant club!!
You focus on the pain.
You feel very mighty all of a sudden.
There is a stone staircase leading up here.
You climb upwards.
There is a stone staircase leading down here.
You start resting.
HP restored.
You climb downwards.
Level annotation: Menkaure The ogre completely misses you.
The iguana closely misses you. The ogre misses you.
There is a stone staircase leading up here.
The ogre misses you. The iguana closely misses you.
The ogre hits you with a +0 giant spiked club!
You focus on the pain.
You feel mightier all of a sudden.
You climb upwards.
There is a stone staircase leading down here.
You hit the ogre.
You touch the ogre!
The ogre is heavily wounded.
The ogre attacks as you move away! The ogre closely misses you.
The iguana attacks as you move away! The iguana completely misses you.
You barely miss the iguana. The iguana closely misses you.
You closely miss the iguana. The iguana bites you!
You hit the iguana.
The iguana is lightly wounded.
The iguana bites you! The iguana attacks as you move away!
The iguana barely misses you. The ogre hits you with a +0 giant club!
The iguana attacks as you move away! The iguana bites you!
* * * LOW HITPOINT WARNING * * *
The ogre attacks as you move away!
The ogre hits you with a +0 giant club!!
You die...

###################....
##.#.#.#.#.#.#.#.###....
#....................###
##.#)#.#.#.#.#.#.##..###
#.......................
###.#.#.#.#.#.#.#.##..###
#..................#..###
#.#.#.#.#.#.#.#.#.##....#
#....O.l@.........[#.##.#
#.#.#.#O#.#.#.#.#.##.##.#
#..................#...#.
#.#>#.#.#.#.#.#.#.###.###
#..............####....#.
##########...#####.####.....#
#..# ##.## #..........#
###..########.# ######.....#
#....##.......# #...<.#


You could see 2 ogres and an iguana.

Vanquished Creatures
  A black bear (D:4)
  An ogre (D:3)
  A phantom (D:3)
  A necrophage (D:3)
  A gnoll bouda (D:5)
  2 iguanas (D:4)
  4 gnolls
  5 adders
  A white imp (D:4)
  A worm (D:2)
  3 dart slugs
  12 orcs
  7 endoplasms
  6 giant cockroaches
  18 goblins
  6 hobgoblins
  6 jackals (D:3)
  2 quokkas (D:3)
  7 ball pythons
  12 bats
  7 frilled lizards
  6 kobolds
  5 rats
115 creatures vanquished.

Notes
Turn   | Place    | Note
-------+----------+-------------------------------------------
     0 | D:1      | Artool the Demonspawn Gladiator began the quest for the
                  | Orb.
     0 | D:1      | Reached XP level 1. HP: 16/16 MP: 1/1
    46 | D:1      | Noticed a shining eye
   150 | D:1      | Noticed an eye of devastation
   152 | D:1      | Found a faded altar of an unknown god.
   153 | D:1      | Noticed a golden eye
   153 | D:1      | Noticed an eye of devastation
   177 | D:1      | Gained mutation: You sometimes gain a little power by
                  | taking damage. [demonic ancestry]
   177 | D:1      | Reached XP level 2. HP: 14/22 MP: 2/2
   760 | D:1      | Reached XP level 3. HP: 28/28 MP: 3/3
  1403 | D:2      | Found a sparkling altar of Nemelex Xobeh.
  1938 | D:2      | Discovered your monstrous ancestry.
  1938 | D:2      | Gained mutation: Your touch may inflict minor irresistible
                  | damage on your foes. [demonic ancestry]
  1938 | D:2      | Reached XP level 4. HP: 34/34 MP: 4/4
  2647 | D:3      | Noticed an ogre
  2807 | D:4      | Reached XP level 5. HP: 40/41 MP: 5/5
  2884 | D:4      | Found Fuphiv Otynt's Armour Emporium.
  2983 | D:4      | Noticed a phantom
  3014 | D:3      | Killed a phantom
  3360 | D:4      | Found a staircase to the Ecumenical Temple.
  3377 | Temple   | Entered the Ecumenical Temple
  3383 | Temple   | Became a worshipper of Hepliaklqana the Forgotten
  3768 | D:4      | Gained mutation: You have a pair of small antennae on your
                  | head. [demonic ancestry]
  3768 | D:4      | Reached XP level 6. HP: 48/48 MP: 6/6
  3811 | D:5      | Entered Level 5 of the Dungeon
  3815 | D:5      | Noticed Menkaure
  4279 | D:5      | Found Eveotung's Magic Scroll Shop.
  4384 | D:4      | Gained mutation: Your touch may inflict irresistible damage
                  | on your foes. [demonic ancestry]
  4384 | D:4      | Reached XP level 7. HP: 30/55 MP: 7/7
  4587 | D:5      | Found Mese's Jewellery Shoppe.
  4638 | D:5      | Found Ukutaxt's Gadget Gallery.
  4683 | D:4      | Mangled by an ogre

Illustrated notes

Levels and vault maps discovered:
D:1:      heliophobic_arrival_battle_scene, layout_basic,
          hellmonk_ecumenical_altar_watching_god
D:2:      layout_basic, basic_altar, minmay_misc_feat_tiny,
          nicolae_concentric_dashed_squares_mild, kennysheep_generic_room_15
D:3:      layout_loops_ring, minmay_ogre_servants
D:4:      layout_loops_cross, minmay_temple_entry_drinking_statues,
          serial_shops, nicolae_square_shop, st_stairs_11
D:5:      layout_rooms, amethyst_overflow_temple_binary, serial_shops, shop,
          kennysheep_mini, nicolae_shop_advertising_works
          [nicolae_subvault_shop_adworks], nicolae_shop_crystal,
          nicolae_shop_gadgets, uniq_duvessa, uniq_menkaure
Temple:   eino_narrow_crystal_temple

Skill      XL: |  1  2  3  4  5  6 |
---------------+-------------------+-----
Maces & Flails | 3 4 |  4.9
Dodging        | 3 4 |  4.9
Fighting       | 3 4 |  4.8
Throwing       | |  1.7

Action                   |  1- 3 |  4- 6 |  7- 9 || total
-------------------------+-------+-------+-------++-------
Melee: Whip              |   211 |   239 |    48 ||   498
       Flail             |     5 |       |       ||     5
       Punch             |     2 |     4 |     2 ||     8
       Touch             |       |    36 |     8 ||    44
 Stab: Sleeping          |     2 |       |       ||     2
Armor: Leather armour    |   108 |       |       ||   108
       Ring mail         |       |    85 |     8 ||    93
Dodge: Dodged            |   189 |   161 |    27 ||   377
